 Dungeon Crawl Stone Soup version 0.22.1-2-g9c5b331 (webtiles) character file.

97 Lilu the Charmwright (level 4, -3/26 HPs)
             Began as a Deep Elf Skald on Nov 27, 2018.
             Killed by nerve-wracking pain
             ... invoked by an orc priest
              (11 damage)
             ... on level 3 of the Dungeon.
             The game lasted 00:08:56 (2745 turns).

Lilu the Charmwright (Deep Elf Skald)               Turns: 2745, Time: 00:08:58

Health: -3/26      AC:  3    Str:  9    XL:     4   Next: 42%
Magic:  9/20       EV: 12    Int: 18    God:
Gold:   59         SH:  0    Dex: 14    Spells: 2/10 levels left

rFire    . . .     SeeInvis .   u - -3 dagger (curse)
rCold    + . .     Gourm    .   (no shield)
rNeg     . . .     Faith    .   b - +0 leather armour
rPois    .         Spirit   .   (no helmet)
rElec    .         Reflect  .   (no cloak)
rCorr    .         Harm     .   (no gloves)
MR       .....                  (no boots)
Stlth    +.........             (no amulet)
HPRegen  0.08/turn              h - ring of magical power
MPRegen  0.17/turn              o - ring of protection from cold

@: infused, very slightly contaminated, drained
A: no striking features
a: no special abilities


You were on level 3 of the Dungeon.
You were not hungry.

You visited 1 branch of the dungeon, and saw 3 of its levels.

You collected 59 gold pieces.

Inventory:

Hand Weapons
 a - a +0 short sword
 f - a cursed +0 dagger
 u - a cursed -3 dagger (weapon)
Missiles
 e - 3 tomahawks (quivered)
 j - 3 curare-tipped needles
 p - 14 arrows
 t - 48 stones
Armour
 b - a +0 leather armour (worn)
Jewellery
 h - a ring of magical power (left hand)
 o - a ring of protection from cold (right hand)
Scrolls
 c - a scroll of teleportation
 g - a scroll of magic mapping
 l - a scroll of remove curse {unknown}
 r - a scroll of fear {unknown}
Potions
 i - a potion of haste {unknown}
 k - 2 potions of brilliance {unknown}
 m - a potion of cancellation {unknown}
 n - a potion of degeneration {unknown}
 q - 2 potions of curing
 s - a potion of berserk rage {unknown}
Comestibles
 d - 4 rations
 v - a chunk of flesh


   Skills:
 + Level 2.0(1.8) Fighting
 + Level 2.7(2.5) Short Blades
 + Level 1.4(1.1) Armour
 + Level 3.1(2.8) Dodging
 + Level 3.7(3.4) Spellcasting
 + Level 0.8(0.5) Hexes
 - Level 5.0(4.8) Charms


You had 2 spell levels left.
You knew the following spells:

 Your Spells              Type           Power        Failure   Level  Hunger
a - Infusion              Chrm           ###.         3%          1    None
b - Spectral Weapon       Hex/Chrm       ##......     22%         3    ###....
c - Song of Slaying       Chrm           ###.....     4%          2    ##.....
d - Shroud of Golubria    Chrm/Tloc      ##........   12%         2    ##.....

Your spell library contained the following spells:

 Spells                   Type           Power        Failure   Level  Hunger
 Regeneration             Chrm/Necr      ##........   24%         3    ###....


Dungeon Overview and Level Annotations

Branches:
Dungeon (3/15)

Altars:
Nemelex Xobeh


Message History

You hit the orc priest but do no damage.
The orc priest barely misses you.
Your magical contamination has completely faded away.
You hit the orc priest.
The orc priest is lightly wounded.
The orc priest barely misses you.
You hit the orc priest but do no damage.
The orc priest is lightly wounded.
You hit the orc priest but do no damage.
The orc priest is lightly wounded.
The orc priest hits you.
Your shroud falls apart!
Casting: Shroud of Golubria (safe; 12% risk of failure)
Confirm with . or Enter, or press ? or * to list all spells.
You miscast Shroud of Golubria.
You are very lightly contaminated with residual magic.
Nothing appears to happen.
The orc priest calls down the wrath of Beogh upon you.
Pain shoots through your body!
You die...

#.#....#
#.#.##.#
#.#.##.#
#.#.##.#
#######.#.##.#
#.........##o#
........####.#
#########
#.##########.
#...o@.......
#############


You could see an orc priest.

Vanquished Creatures
  Jessica (D:2)
  An orc wizard (D:3)
  2 worms (D:2)
  A leopard gecko (D:3)
  3 orcs (D:3)
  A ball python (D:1)
  A giant cockroach (D:2)
  5 goblins
  4 hobgoblins
  7 kobolds
  2 quokkas
  2 bats
  2 frilled lizards (D:1)
  6 rats
38 creatures vanquished.

Notes
Turn   | Place    | Note
-------+----------+-------------------------------------------
     0 | D:1      | Lilu the Deep Elf Skald began the quest for the Orb.
     0 | D:1      | Reached XP level 1. HP: 12/12 MP: 6/6
   220 | D:1      | Reached XP level 2. HP: 17/17 MP: 4/8
   409 | D:1      | Reached skill level 1 in Armour
   985 | D:2      | Noticed Jessica
   993 | D:2      | Killed Jessica
   993 | D:2      | Reached XP level 3. HP: 21/21 MP: 10/10
  1474 | D:2      | Found a sparkling altar of Nemelex Xobeh.
  1828 | D:3      | Learned a level 3 spell: Spectral Weapon
  2015 | D:3      | Learned a level 2 spell: Song of Slaying
  2018 | D:3      | Learned a level 2 spell: Shroud of Golubria
  2103 | D:3      | Reached skill level 5 in Charms
  2103 | D:3      | Reached XP level 4. HP: 8/26 MP: 7/11
  2745 | D:3      | Killed from afar by an orc priest

Skill      XL: |  1  2  3 |
---------------+----------+-----
Armour         | 1 |  1.4
Fighting       | 2 |  2.0
Dodging        | 3 |  3.1
Charms         | 5 |  5.0
Short Blades   | |  2.7
Spellcasting   | |  3.7
Hexes          | |  0.8

Action                   |  1- 3 |  4- 6 || total
-------------------------+-------+-------++-------
Melee: Short sword       |    65 |       ||    65
       Dagger            |    21 |    43 ||    64
Throw: Tomahawk          |    14 |       ||    14
 Cast: Infusion          |    22 |     5 ||    27
       Shroud of Golubri |     1 |     3 ||     4
       Spectral Weapon   |     1 |     1 ||     2
  Use: Scroll            |     3 |       ||     3
  Eat: Chunk             |     4 |     2 ||     6
Armor: Leather armour    |     9 |     4 ||    13
Dodge: Dodged            |    35 |    22 ||    57
